 Dungeon Crawl Stone Soup version 0.26.0-10-g1f06aea511 (webtiles) character file.

Game seed: 16653956101442630867

99 sanka the Covert (level 4, 0/45 HPs)
             Began as a Naga Delver on Jan 20, 2021.
             Slain by an adder (4 damage)
             ... on level 3 of the Dungeon.
             The game lasted 00:02:01 (604 turns).

sanka the Covert (Naga Delver)                       Turns: 604, Time: 00:02:02

Health: 0/45       AC:  2    Str: 20    XL:     4   Next: 72%
Magic:  4/4        EV:  9    Int: 12    God:
Gold:   55         SH:  0    Dex: 12    Spells: 3/3 levels left

rFire    . . .     SeeInvis +   i - +0 scimitar
rCold    . . .     Faith    .   (no shield)
rNeg     . . .     Spirit   .   b - +0 leather armour
rPois    +         Reflect  .   (no helmet)
rElec    .         Harm     .   (no cloak)
rCorr    .         Rampage  .   (no gloves)
Will     .....                  (no barding)
Stlth    +++.......             k - amulet of inaccuracy (curse)
HPRegen  0.15/turn              m - +6 ring of strength
MPRegen  0.09/turn              h - ring of wizardry

@: lethally poisoned (0 -> -7), very slow
A: large, see invisible, deformed body, poison resistance, slowness 2, spit
poison 1, AC +1
a: Spit Poison


You were on level 3 of the Dungeon.
You visited 1 branch of the dungeon, and saw 3 of its levels.

You collected 55 gold pieces.


Innate Abilities, Weirdness & Mutations

You cannot wear boots.
Your serpentine skin is tough. (AC +1)
You have supernaturally acute eyesight. (SInv)
Armour fits poorly on your strangely shaped body.
Your system is resistant to poisons. (rPois)
You cover ground very slowly.
You can spit poison.


   Skills:
 + Level 4.9 Fighting
 - Level 2.0 Axes
 - Level 1.5 Dodging
 - Level 8.0 Stealth


You had 3 spell levels left.
You didn't know any spells.
Your spell library was empty.

Inventory:

Hand Weapons
 a - a +0 hand axe
 i - a +0 scimitar (weapon)
Armour
 b - a +0 leather armour (worn)
Jewellery
 h - a ring of wizardry (right hand)
 k - a cursed amulet of inaccuracy (around neck)
 m - a +6 ring of strength (left hand)
Wands
 g - a wand of digging (3)
Scrolls
 c - a scroll of fog
 d - a scroll of magic mapping
 e - a scroll of fear
Potions
 f - a potion of haste {@q3}
 j - a potion of curing {@q1}

Dungeon Overview and Level Annotations

Branches:
Dungeon (5/15)
 Temple: D:4-7

Altars:
Wu Jian

... ..▒ ▒..▒ ▒
▒▒...▒▒ ▒
▒.▒▒)....▒.▒
▒▒▒▒.▒.>......▒
......†.......▒
▒▒▒▒▒▒.S......▒
▒▒N.......
▒▒†......
▒.▒...▒ ▒▒..▒▒
... ..


You could see an adder.


Message History

You feel sick. The adder bites you.
* * * LOW HITPOINT WARNING * * *
You are more poisoned.
The adder poisons you! The adder bites you.
* * * LOW HITPOINT WARNING * * *
You closely miss the adder.
* * * LOW HITPOINT WARNING * * *
You feel sick. The adder barely misses you.
You closely miss the adder.
* * * LOW HITPOINT WARNING * * *
You feel sick. The adder bites you.
* * * LOW HITPOINT WARNING * * *
The adder bites you.
* * * LOW HITPOINT WARNING * * *
Unknown command.
You slash the adder!
The adder is almost dead.
You have got your breath back.
* * * LOW HITPOINT WARNING * * *
You feel sick. The adder closely misses you.
You riposte.
You completely miss the adder.
The adder is almost dead.
The adder bites you.
You die...

Action                   |  1- 3 |  4- 6 || total
-------------------------+-------+-------++-------
Melee: Hand axe          |     2 |       ||     2
       Scimitar          |    12 |    19 ||    31
 Abil: Spit Poison       |     7 |     3 ||    10
  Use: Scroll            |       |     1 ||     1
 Stab: Sleeping          |       |     2 ||     2
Armor: Leather armour    |     2 |     3 ||     5
Dodge: Dodged            |     9 |    11 ||    20
       Rpst.: Scimitar   |     1 |     4 ||     5

Levels and vault maps discovered:
D:3:      layout_loops_ring, elyvilon_altar_1, portal_sewer_entry_a
D:4:      layout_rooms
D:5:      layout_loops_ring, pdpol_wu_jian_five_deadly_venoms,
          hangedman_decor_diamond_cutter, kb_lookout_dungeons_type

Notes
Turn   | Place    | Note
-------+----------+-------------------------------------------
     0 | D:5      | sanka the Naga Delver began the quest for the Orb.
     0 | D:5      | Reached XP level 1. HP: 21/21 MP: 1/1
    84 | D:5      | Found an ornate altar of the Wu Jian Council.
    91 | D:5      | Reached skill level 8 in Stealth
    91 | D:5      | Reached XP level 2. HP: 14/28 MP: 2/2
   314 | D:4      | Reached skill level 4 in Fighting
   314 | D:4      | Reached XP level 3. HP: 36/36 MP: 3/3
   391 | D:4      | Reached XP level 4. HP: 43/45 MP: 4/4
   604 | D:3      | HP: 4/45 [poisoned by an adder]
   604 | D:3      | Slain by an adder

Vanquished Creatures
  A hound (D:4)
  An orc wizard (D:4)
  2 adders
  An adder skeleton (D:4)
  2 dart slugs (D:3)
  5 orcs
  A giant cockroach (D:4)
  A quokka (D:4)
  A ball python (D:4)
  A frilled lizard (D:4)
16 creatures vanquished.

Table legend: (Time is in decaauts)
 A = Elapsed time spent in this place.
 B = Non-inter-level travel time spent in this place.
 C = Inter-level travel time spent in this place.
 D = Time resting spent in this place.
 E = Time spent auto-exploring this place.
 F = Levels seen in this place.
 G = Mean time per level.
                   A        B        C        D        E       F      G
               +--------+--------+--------+--------+--------+-----+--------+
         Total |    722 |    722 |      0 |    152 |    301 |   3 |  240.7 |
       Dungeon |    722 |    722 |      0 |    152 |    301 |   3 |  240.7 |
               +--------+--------+--------+--------+--------+-----+--------+

Top non-repeatable levels by time:
     D:4: 405 daAuts
     D:5: 290 daAuts
     D:3: 25 daAuts
